 Dungeon Crawl Stone Soup version 0.24.0-13-gcf9b319 (webtiles) character file.

Game seed: 11014861828563053831, levelgen mode: deterministic

373 Bronimir the Gusty (level 6, 0/33 HPs)
             Began as a Tengu Air Elementalist on Mar 28, 2020.
             Was a Follower of Sif Muna.
             Slain by Edmund
             ... wielding a +2 flail of protection
              (1 damage)
             ... on level 4 of the Dungeon.
             The game lasted 00:12:25 (3453 turns).

Bronimir the Gusty (Tengu Air Elementalist)         Turns: 3453, Time: 00:12:26

Health: 0/33       AC:  5    Str:  7 (9)  XL:     6   Next: 71%
Magic:  1/11       EV: 20    Int: 15 (17) God:    Sif Muna [*.....]
Gold:   126        SH:  3    Dex: 18 (19) Spells: 5/11 levels left

rFire    . . .     SeeInvis .   a - +1 trident
rCold    . . .     Gourm    .   (no shield)
rNeg     . . .     Faith    .   j - +0 leather armour
rPois    .         Spirit   .   (helmet restricted)
rElec    .         Reflect  +   (no cloak)
rCorr    .         Harm     .   i - +1 pair of gloves
MR       .....     Rnd*Tele +   (boots unavailable)
Stlth    +++.......             l - +3 amulet of reflection
HPRegen  0.11/turn              k - ring of teleportation (curse)
MPRegen  0.12/turn              p - ring of wizardry

@: agile, flying quickly and evasively, quick
A: antennae 1, beak, talons 3, sense surroundings 1, wild magic 1, able to fly
a: Stop Flying, Channel Magic, Renounce Religion


You were on level 4 of the Dungeon.
You worshipped Sif Muna.
Sif Muna was aware of your devotion.
You were near starving.

You visited 1 branch of the dungeon, and saw 4 of its levels.

You collected 126 gold pieces.

Inventory:

Hand Weapons
 a - a +1 trident (weapon)
 b - a +0 hunting sling
 n - a +0 scythe
 s - a -3 whip
 y - a +0 hand axe
Missiles
 g - 109 stones
 o - 29 sling bullets
 t - 2 boomerangs
 u - 3 javelins (quivered)
 x - 17 arrows
Armour
 d - a +0 ring mail
 f - a +0 robe
 i - a +1 pair of gloves (worn)
 j - a +0 leather armour (worn)
Jewellery
 k - a cursed ring of teleportation (left hand)
 l - a +3 amulet of reflection (around neck)
 p - a ring of wizardry (right hand)
 w - an uncursed ring of resist corrosion
Scrolls
 h - 2 scrolls of identify
 z - a scroll of remove curse
Comestibles
 c - 7 rations


   Skills:
 + Level 0.4 Fighting
 + Level 0.4 Axes
 + Level 0.1(0.2) Polearms
 * Level 2.5 Armour
 + Level 2.9 Dodging
 - Level 2.0 Stealth
 + Level 3.0 Spellcasting
 * Level 4.0 Conjurations
 * Level 6.0 Air Magic
 * Level 1.4 Invocations


You had 5 spell levels left.
You knew the following spells:

 Your Spells              Type           Power        Failure   Level  Hunger
a - Shock                 Conj/Air       ###.         2%          1    #......
b - Swiftness             Chrm/Air       ##......     8%          2    ##.....
c - Static Discharge      Conj/Air       ###.....     6%          3    ###....

Your spell library contained the following spells:

 Spells                   Type           Power        Failure   Level  Hunger
 Airstrike                Air            ####......   13%         4    #####..
 Lightning Bolt           Conj/Air       ###.......   45%         5    ######.


Dungeon Overview and Level Annotations

Branches:
Dungeon (4/15)
 Temple: D:4-7

Altars:
Gozag
Kikubaaqudgha
Qazlal
Ru
Sif Muna

Annotations:
D:3 3 runed translucent doors, ClockworkOrrery's ghost, amateur GrFi
D:4 Edmund


Innate Abilities, Weirdness & Mutations

You have a beak for a mouth.
You have claws for feet.
You can fly continuously.
You have a pair of small antennae on your head.
You passively map a small area around you.
Your spells are a little harder to cast, but a little more powerful.


Message History

Confirm with . or Enter, or press ? or * to list all spells.
You don't have enough magic to cast that spell.
Unknown command.
You hit Edmund. You peck Edmund, but do no damage.
Edmund is moderately wounded.
Edmund misses you.
You hit Edmund. Your kick misses Edmund.
Edmund is heavily wounded.
Edmund misses you.
You hit Edmund but do no damage.
Edmund is heavily wounded.
You block Edmund's attack.
You hit Edmund but do no damage. You claw Edmund.
Edmund is heavily wounded.
Edmund hits you with a +2 flail of protection! x2
* * * LOW HITPOINT WARNING * * *
You hit Edmund but do no damage.
Edmund is heavily wounded.
Edmund hits you with a +2 flail of protection.
You die...

, , ## ,
, , ,
.### ** *
.).###* ,
##......
, ##...##
* , **
##.....#
##.####.#
##@## ,
##@## *
#.## ###


You could see Edmund.

Vanquished Creatures
  Sigmund (D:4)
  A crimson imp (D:3)
  An orc priest (D:4)
  An orc wizard (D:4)
  A worker ant (D:4)
  3 adders
  A worm (D:3)
  2 dart slugs (D:2)
  A leopard gecko (D:3)
  5 orcs
  3 giant cockroaches (D:3)
  7 goblins
  8 hobgoblins
  6 jackals (D:3)
  A quokka (D:3)
  15 bats
  2 frilled lizards (D:1)
  5 kobolds
  9 rats
73 creatures vanquished.

Notes
Turn   | Place    | Note
-------+----------+-------------------------------------------
     0 | D:1      | Bronimir the Tengu Air Elementalist began the quest for the
                  | Orb.
     0 | D:1      | Reached XP level 1. HP: 10/10 MP: 4/4
     2 | D:1      | Noticed a demigod
     4 | D:1      | Noticed a formicid
     4 | D:1      | Noticed a vampire
     6 | D:1      | Noticed a demonspawn
     6 | D:1      | Noticed a ghoul
     8 | D:1      | Noticed a human
     8 | D:1      | Noticed a troll
    10 | D:1      | Noticed a naga
    10 | D:1      | Noticed a gargoyle
    12 | D:1      | Noticed an elf
    12 | D:1      | Noticed a vine stalker
    14 | D:1      | Noticed an octopode
    16 | D:1      | Noticed a centaur
    16 | D:1      | Noticed a dwarf
    18 | D:1      | Noticed a draconian
    20 | D:1      | Noticed a merfolk
    20 | D:1      | Noticed a minotaur
    22 | D:1      | Noticed a tengu
    22 | D:1      | Noticed a halfling
    24 | D:1      | Noticed a spriggan
    26 | D:1      | Noticed an ogre
    26 | D:1      | Noticed a felid
   236 | D:1      | Reached XP level 2. HP: 15/15 MP: 3/6
   892 | D:2      | Reached skill level 5 in Air Magic
   892 | D:2      | Reached XP level 3. HP: 11/19 MP: 1/7
  1139 | D:2      | Learned a level 2 spell: Swiftness
  1143 | D:2      | Learned a level 3 spell: Static Discharge
  1266 | D:2      | Found an ancient bone altar of Kikubaaqudgha.
  1314 | D:2      | Found an opulent altar of Gozag.
  1423 | D:2      | Found a shimmering blue altar of Sif Muna.
  1475 | D:2      | Found a sacrificial altar of Ru.
  1583 | D:2      | Became a worshipper of Sif Muna the Loreminder
  1732 | D:2      | Found a faded altar of an unknown god.
  2240 | D:3      | Reached XP level 4. HP: 24/24 MP: 4/8
  2311 | D:3      | Noticed an air elemental
  2377 | D:3      | Found a runed translucent gate.
  2377 | D:3      | Found a runed translucent gate.
  2377 | D:3      | Found a runed translucent gate.
  2377 | D:3      | Found a stormy altar of Qazlal.
  2378 | D:3      | Found an opulent altar of Gozag.
  2379 | D:3      | Noticed ClockworkOrrery's ghost (amateur GrFi)
  2382 | D:3      | Noticed an earth elemental
  2382 | D:3      | Noticed a fire elemental
  2382 | D:3      | Noticed a water elemental
  2637 | D:3      | Reached skill level 1 in Armour
  2637 | D:3      | Gained mutation: You can fly continuously. [Tengu growth]
  2637 | D:3      | Reached XP level 5. HP: 23/28 MP: 2/10
  3382 | D:4      | Noticed Sigmund
  3387 | D:4      | Reached * piety under Sif Muna
  3387 | D:4      | Reached skill level 1 in Invocations
  3395 | D:4      | Gained mutation: Your muscles are strong. (Str +2) [potion
                  | of mutation]
  3395 | D:4      | Gained mutation: You passively map a small area around you.
                  | [potion of mutation]
  3395 | D:4      | Gained mutation: Your spells are a little easier to cast,
                  | but a little less powerful. [potion of mutation]
  3395 | D:4      | Gained mutation: You are somewhat resistant to further
                  | mutation. [potion of mutation]
  3395 | D:4      | HP: 1/28 [something (4)]
  3431 | D:4      | Killed Sigmund
  3431 | D:4      | Reached skill level 6 in Air Magic
  3431 | D:4      | Reached XP level 6. HP: 29/33 MP: 1/11
  3437 | D:4      | Noticed Edmund
  3445 | D:4      | Lost mutation: You are somewhat resistant to further
                  | mutation. [potion of mutation]
  3445 | D:4      | Lost mutation: Your spells are a little easier to cast, but
                  | a little less powerful. [potion of mutation]
  3445 | D:4      | Lost mutation: Your muscles are strong. (Str +2) [potion of
                  | mutation]
  3445 | D:4      | Gained mutation: Your spells are a little harder to cast,
                  | but a little more powerful. [potion of mutation]
  3445 | D:4      | Gained mutation: You have a pair of small antennae on your
                  | head. [potion of mutation]
  3452 | D:4      | HP: 1/33 [Edmund/+2 flail of protection (11)]
  3453 | D:4      | Slain by Edmund

Levels and vault maps discovered:
D:1:      kb_arrival_jail, layout_loops_cross
D:2:      layout_loops_ring, overflow_temple_1_default,
          nicolae_ru_path_of_blood, led_sif_pool, grunt_gozag_statues,
          chequers_ecumenical_altar_lobes
D:3:      layout_loops_ring, nicolae_qazlal_style_of_elements,
          ebering_ghost_gozag
D:4:      minmay_clustersquares, layout_layer_cave, first_ration, uniq_edmund,
          uniq_sigmund

Skill      XL: |  1  2  3  4  5 |
---------------+----------------+-----
Air Magic      | 5 6 |  6.0
Conjurations   | 2 4 |  4.0
Armour         | 1 2 |  2.5
Invocations    | 1 |  1.4
Spellcasting   | 3 |  3.0
Fighting       | |  0.4
Axes           | |  0.4
Polearms       | |  0.1
Dodging        | |  2.9
Stealth        | |  2.0

Action                   |  1- 3 |  4- 6 || total
-------------------------+-------+-------++-------
Melee: Hand axe          |    15 |    17 ||    32
       Peck              |     3 |     2 ||     5
       Kick              |     1 |     5 ||     6
       Trident           |       |    18 ||    18
 Cast: Shock             |    65 |    61 ||   126
       Static Discharge  |       |     4 ||     4
 Abil: Fly               |       |     1 ||     1
  Use: Scroll            |     5 |     1 ||     6
       Potion            |       |     8 ||     8
 Stab: Sleeping          |     1 |       ||     1
  Eat: Chunk             |     5 |     3 ||     8
Armor: Robe              |     9 |       ||     9
       Leather armour    |     6 |    13 ||    19
Dodge: Dodged            |    26 |    61 ||    87
Block: Other             |     1 |    13 ||    14
